 Dungeon Sprint DCSS version 0.22.1-1-ga44c0e56f4 (webtiles) character file.

558 MuseOD the Covert (level 7, -14/38 HPs)
             Began as a Spriggan Enchanter on Sept 23, 2018.
             Was an Initiate of Dithmenos.
             Demolished by a wyvern (16 damage)
             ... in the Dungeon (Sprint II: "The Violet Keep of Menkaure").
             The game lasted 00:01:01 (167 turns).

MuseOD the Covert (Spriggan Enchanter)               Turns: 167, Time: 00:01:02

Health: -14/38     AC:  2    Str:  4    XL:     7   Next: 9%
Magic:  11/18      EV: 18    Int: 19    God:    Dithmenos [......]
Gold:   486        SH:  0    Dex: 16    Spells: 10/19 levels left

rFire    . . .     SeeInvis +   a - +1 dagger
rCold    . . .     Gourm    .   (shield restricted)
rNeg     . . .     Faith    .   b - +0 robe
rPois    .         Spirit   .   (helmet restricted)
rElec    .         Reflect  .   (no cloak)
rCorr    .         Harm     .   (gloves unavailable)
MR       +....     NoTele   +   (boots unavailable)
Stlth    +++++.....             (no amulet)
HPRegen  0.12/turn              (no ring)
MPRegen  0.16/turn              (no ring)

@: very quick
A: very small, unfitting armour, see invisible, herbivore, speed 3, slow
metabolism 2
a: Renounce Religion


You were in the Dungeon.
You worshipped Dithmenos.
Dithmenos was noncommittal.
You were not hungry.

You visited 1 branch You collected 486 gold pieces.

Inventory:

Hand Weapons
 a - a +1 dagger (weapon)
Armour
 b - a +0 robe (worn)
Scrolls
 j - a scroll of blinking
Potions
 e - a potion of curing
 f - a potion of heal wounds
 g - a potion of haste
 h - 2 potions of magic
Comestibles
 d - a ration


   Skills:
 - Level 4.9 Fighting
 - Level 9.5 Short Blades
 - Level 3.0 Dodging
 + Level 12.8 Stealth
 + Level 6.9 Spellcasting
 + Level 7.3 Hexes


You had 10 spell levels left.
You knew the following spells:

 Your Spells              Type           Power        Failure   Level  Hunger
a - Corona                Hex            ####...      1%          1    None
b - Ensorcelled Hibernat  Hex/Ice        ###...       3%          2    None
c - Confuse               Hex            ####....     1%          3    #......
d - Dazzling Spray        Conj/Hex       ###...       7%          3    #......

Your spell library contained the following spells:

 Spells                   Type           Power        Failure   Level  Hunger
 Tukima's Dance           Hex            ####....     1%          3    #......


Dungeon Overview and Level Annotations

Branches:
Dungeon (1/1)

Altars:
Cheibriados
Dithmenos
Elyvilon
Fedhas
Gozag
Hepliaklqana
Kikubaaqudgha
Makhleb
Nemelex Xobeh
Okawaru
Qazlal
Ru
Sif Muna
Trog
Uskayaw
Vehumet
Wu Jian
Xom
Yredelemnul
Zin
The Shining One
Beogh
Jiyva
Lugonu

Annotations:
D Roxanne


Innate Abilities, Weirdness & Mutations

You are very small and have problems with some larger weapons.
You are too small for most types of armour.
You have supernaturally acute eyesight. (SInv)
You are a herbivore.
You cover ground extremely quickly.
You need to consume almost no food.


Message History

Your Stealth skill increases to level 12!
Your Spellcasting skill gained 2 levels and is now at level 6!
Your Hexes skill gained 2 levels and is now at level 7!
You have reached level 7!
You found a spear trap!
You open the door.
A wyvern comes into view.
Found 81 gold pieces.
A wyvern comes into view.
The wyvern hisses angrily.
Found 12 gold pieces.
There is an open door here.
Casting: Confuse (safe; 1% risk of failure)
Confirm with . or Enter, or press ? or * to list all spells.
Aiming: Confuse (safe; 1% risk of failure)
Press: ? - help, Shift-Dir - straight line, f - wyvern
Aim: a wyvern (chance to defeat MR: 62%)
The wyvern resists with significant effort.
A spear hits the wyvern!
The wyvern misses you. The wyvern bites you!
You die...

#++# ...### ....# ...# .. ..#
.. ####.# .####.$ll###
...#$.#@..# ###..#####..# ??(
#+###.##..#.$+..# ▓[[?([
##.##.#.#..# #..# ▓"![!([
+.<.+##.+..####..####▓[$(?%=$
##.###..#....###...##▓▓▓▓▓▓▓+
#'# #.##......≈≈≈≈≈≈≈≈≈≈≈≈≈
###.#####≈≈.§.§.≈#'########+###
#†.#†.#≈≈≈≈§≈≈..≈#._._._..#≈≈§#


You could see 2 wyverns.

Vanquished Creatures
  A polar bear (D)
  2 neqoxecs (D)
  4 worker ants (D)
7 creatures vanquished.

Vanquished Creatures (others)
  A neqoxec (D)
  A crocodile (D)
2 creatures vanquished.

Grand Total: 9 creatures vanquished

Notes
Turn   | Place    | Note
-------+----------+-------------------------------------------
     0 | D        | MuseOD the Spriggan Enchanter began the quest for the Orb.
     0 | D        | Reached XP level 1. HP: 9/9 MP: 5/5
     1 | D        | Noticed a neqoxec
     8 | D        | Killed a neqoxec
     8 | D        | Reached skill level 8 in Stealth
     8 | D        | Reached XP level 2. HP: 11/17 MP: 6/6
     8 | D        | Reached XP level 3. HP: 14/21 MP: 8/8
     8 | D        | Reached XP level 4. HP: 17/25 MP: 9/9
     8 | D        | Noticed a neqoxec
    14 | D        | Killed a neqoxec
    14 | D        | Reached skill level 10 in Stealth
    14 | D        | Reached XP level 5. HP: 16/30 MP: 10/10
    48 | D        | Killed a crocodile
    71 | D        | Learned a level 2 spell: Ensorcelled Hibernation
    75 | D        | Learned a level 3 spell: Confuse
    79 | D        | Learned a level 3 spell: Dazzling Spray
    85 | D        | Reached XP level 6. HP: 23/35 MP: 11/11
    86 | D        | Reached skill level 11 in Stealth
    91 | D        | Reached skill level 5 in Hexes
    96 | D        | Noticed Roxanne
    98 | D        | Noticed a neqoxec
   105 | D        | Found a glowing silver altar of Zin.
   105 | D        | Found a radiant altar of Vehumet.
   106 | D        | Found a glowing golden altar of the Shining One.
   106 | D        | Found a basalt altar of Yredelemnul.
   106 | D        | Found a hide-covered altar of Uskayaw.
   107 | D        | Found a shimmering altar of Xom.
   107 | D        | Found a bloodstained altar of Trog.
   107 | D        | Found a burning altar of Makhleb.
   112 | D        | Killed a neqoxec
   120 | D        | Found an ornate altar of the Wu Jian Council.
   120 | D        | Found a deep blue altar of Sif Muna.
   120 | D        | Found a corrupted altar of Lugonu.
   121 | D        | Found a sacrificial altar of Ru.
   121 | D        | Found an ancient bone altar of Kikubaaqudgha.
   121 | D        | Found a white marble altar of Elyvilon.
   122 | D        | Found a stormy altar of Qazlal.
   122 | D        | Found a viscous altar of Jiyva.
   122 | D        | Found a shadowy altar of Dithmenos.
   123 | D        | Found a hazy altar of Hepliaklqana.
   123 | D        | Found a snail-covered altar of Cheibriados.
   124 | D        | Found a roughly hewn altar of Beogh.
   126 | D        | Found a sparkling altar of Nemelex Xobeh.
   126 | D        | Found a blossoming altar of Fedhas.
   127 | D        | Found an iron altar of Okawaru.
   127 | D        | Found an opulent altar of Gozag.
   134 | D        | Became a worshipper of Dithmenos the Shadowed
   144 | D        | Noticed a polar bear
   144 | D        | Noticed a polar bear
   159 | D        | HP: 1/35 [polar bear (18)]
   161 | D        | Killed a polar bear
   161 | D        | Reached skill level 12 in Stealth
   161 | D        | Reached XP level 7. HP: 1/38 MP: 13/18
   164 | D        | Noticed a wyvern
   165 | D        | Noticed a wyvern
   167 | D        | Demolished by a wyvern

Skill      XL: |  1  2  3  4  5  6 |
---------------+-------------------+-----
Fighting       | 3 4 |  4.9
Short Blades   | 7 9 |  9.5
Stealth        | 8 10 12 | 12.8
Spellcasting   | 3 6 |  6.9
Hexes          | 4 7 |  7.3
Dodging        | |  3.0

Action                   |  1- 3 |  4- 6 |  7- 9 || total
-------------------------+-------+-------+-------++-------
Melee: Dagger            |     4 |    20 |       ||    24
 Cast: Confuse           |       |     1 |     1 ||     2
  Use: Potion            |     1 |       |       ||     1
 Stab: Sleeping          |     1 |     4 |       ||     5
       Confused          |       |     2 |       ||     2
Dodge: Dodged            |     1 |     5 |     1 ||     7
